 Seeded DCSS version 0.30-a0-390-g80c34de65d (webtiles) character file.

Game seed: 5000002 (custom seed)

2 McGhostyFace the Conjurer (level 1, 0/16 HPs)
             Began as a Meteoran Wanderer on Dec 4, 2022.
             Slain by a jackal (2 damage)
             ... on level 1 of the Dungeon.
             The game lasted 00:01:05 (53 turns).

McGhostyFace the Conjurer (Meteoran Wanderer)         Turns: 53, Time: 00:01:06

Health: 0/16       AC:  2    Str: 11    XL:     1   Next: 42%
Magic:  3/3        EV: 10    Int: 18    God:
Gold:   0          SH:  3    Dex: 10    Spells: 1/2 levels left

rFire   . . .      SeeInvis .    e - +0 dagger
rCold   . . .      Faith    .    d - +0 buckler
rNeg    . . .      Spirit   .    c - +0 robe
rPois   .          Reflect  .    (no helmet)
rElec   .          Harm     .    (no cloak)
rCorr   .          Rampage  .    (no gloves)
Will    .....                    (no boots)
Stlth   +.........               (no amulet)
HPRegen 0.22/turn                (no ring)
MPRegen 0.08/turn                (no ring)

@: glowing
A: sense surroundings 1, otherworldly, glowing, explore regen
a: no special abilities


You were on level 1 of the Dungeon.
You visited 1 branch of the dungeon, and saw 1 of its levels.

Inventory:

Hand Weapons
 a - a +0 club
 e - a +0 dagger (weapon)
Armour
 c - a +0 robe (worn)
 d - a +0 buckler (worn)
Potions
 b - a potion of attraction


   Skills:
 + Level 1.1 Fighting
 + Level 1.0 Stealth
 * Level 1.3 Shields
 * Level 1.4 Spellcasting
 + Level 3.6 Conjurations
 + Level 2.4 Hexes
 + Level 1.2 Evocations


You had one spell level left.
You knew the following spells:

 Your Spells              Type           Power      Damage    Failure   Level
a - Slow                  Hex            40%        N/A       10%         1

Your spell library contained the following spells:

 Spells                   Type           Power      Damage    Failure   Level
 Searing Ray              Conj           28%        2d5       9%          2
 Momentum Strike          Conj/Tloc      14%        3d8       19%         2
 Cause Fear               Hex            5%         N/A       67%         4
 Leda's Liquefaction      Hex/Erth       2%         N/A       83%         4


Dungeon Overview and Level Annotations

Branches:
Dungeon (1/15) Zot: 545

Altars:


Innate Abilities, Weirdness & Mutations

You passively map a small area around you.
You are easily found by Zot.
You glow in the dark.
You regain HP and MP as you explore.


Message History

A jackal comes into view.
The jackal barks!
You hear a bark!
The jackal closely misses you.
You miss the jackal. The jackal bites you.
A jackal comes into view.
The jackal bites you but does no damage.
A jackal comes into view.
You hit the jackal but do no damage. The jackal completely misses you.
A rat comes into view.
The jackal attacks as you move away! The jackal barely misses you. x2
The jackal bites you. The jackal attacks as you move away!
The jackal closely misses you. x3
The jackal attacks as you move away! You block the jackal's attack.
The jackal bites you. x2
The jackal attacks as you move away! The jackal bites you.
You barely miss the jackal. The jackal bites you.
You hit the jackal but do no damage. The jackal bites you.
You hit the jackal.
The jackal is heavily wounded.
The jackal bites you.
* * * LOW HITPOINT WARNING * * *
The jackal bites you but does no damage.
You hit the jackal but do no damage.
The jackal is heavily wounded.
The jackal bites you.
* * * LOW HITPOINT WARNING * * *
You barely miss the jackal.
The jackal is heavily wounded.
The jackal bites you but does no damage.
You barely miss the jackal.
The jackal is heavily wounded.
The jackal barely misses you. The jackal closely misses you.
You hit the jackal.
The jackal is almost dead.
You block the jackal's attack.
You hit the jackal.
You kill the jackal!
The jackal bites you but does no damage.
You closely miss the jackal. The jackal bites you.
You die...

, ##.....##.#.#
######.....##.##.#
.......>..##.###.#
.....<...##.## #.#
.......8..##.###.#
######.....##.##.#
##.....##.#.# *
,##.....##..# ,
#.....##@#
#.....#h# #....rh#
##.....# ##...##
....## ###### * ,,
* ,*


You could see 2 jackals and a rat.

Vanquished Creatures
  A jackal (D:1)
  A bat (D:1)
2 creatures vanquished.

Notes
Turn   | Place    | Note
-------+----------+-------------------------------------------
     0 | D:1      | McGhostyFace the Meteoran Wanderer began the quest for the
                  | Orb.
     0 | D:1      | McGhostyFace set off with the following items: a +0 club, a
                  | potion of attraction, a +0 robe, a +0 buckler; and the
                  | following spell memorised: Slow; and the following spells
                  | available to memorise: Searing Ray, Momentum Strike, Cause
                  | Fear, Leda's Liquefaction.
     0 | D:1      | Reached XP level 1. HP: 16/16 MP: 3/3
    53 | D:1      | Slain by a jackal

Illustrated notes

Levels and vault maps discovered:
D:1:      psy_arrival_spokes, layout_basic, serial_bayou, serial_bayou_pond_c,
          serial_bayou_pond_d, serial_bayou_pond_e, serial_bayou_pond_d

Action                   || total
-------------------------++-------
Melee: Dagger            ||    13
       Club              ||     1
Armor: Robe              ||     6
Dodge: Dodged            ||    12
Block: Buckler           ||     3

Table legend: (Time is in decaauts)
 A = Elapsed time spent in this place.
 B = Non-inter-level travel time spent in this place.
 C = Inter-level travel time spent in this place.
 D = Time resting spent in this place.
 E = Time spent auto-exploring this place.
 F = Levels seen in this place.
 G = Mean time per level.
                   A        B        C        D        E       F      G
               +--------+--------+--------+--------+--------+-----+--------+
         Total |     53 |     53 |      0 |      0 |     23 |   1 |   53.0 |
       Dungeon |     53 |     53 |      0 |      0 |     23 |   1 |   53.0 |
               +--------+--------+--------+--------+--------+-----+--------+

Top non-repeatable levels by time:
     D:1: 53 daAuts
